 Dungeon Sprint DCSS version 0.28-a0-2-g643f2454ad (webtiles) character file.

Game seed: 10713577814483596625

4 rocky1 the Digger (level 1, -2/10 HPs)
             Began as a Gargoyle Earth Elementalist on July 23, 2021.
             Was an Initiate of Sif Muna.
             Slain by a scorpion (8 damage)
             ... in the Dungeon (Sprint VII: "The Pits").
             The game lasted 00:01:05 (92 turns).

rocky1 the Digger (Gargoyle Earth Elementalist)       Turns: 92, Time: 00:01:06

Health: -2/10      AC:  4    Str: 11    XL:     1   Next: 60%
Magic:  2/3        EV: 11    Int: 15    God:    Sif Muna [......]
Gold:   0          SH:  0    Dex: 10    Spells: 3/4 levels left

rFire   . . .      SeeInvis .   l - +2 quarterstaff
rCold   . . .      Faith    .   (shield currently unavailable)
rNeg    + . .      Spirit   .   b - +0 robe
rPois   ∞          Reflect  .   (no helmet)
rElec   +          Harm     .   (no cloak)
rCorr   .          Rampage  .   (no gloves)
Will    .....      NoTele   +   (no boots)
Stlth   ++........              (no amulet)
HPRegen 0.03/turn               (no ring)
MPRegen 0.08/turn               (no ring)

@: no status effects
A: sickness immunity, AC +2, negative energy resistance 1, electricity
resistance, torment resistance 1, petrification resistance
a: Renounce Religion


You were in the Dungeon.
You worshipped Sif Muna.
Sif Muna was noncommittal.
You visited 1 branch

Inventory:

Hand Weapons
 l - a +2 quarterstaff (weapon)
Missiles
 i - 36 stones
Armour
 b - a +0 robe (worn)
Scrolls
 h - a scroll of blinking
 j - 5 scrolls of amnesia
 k - a scroll of summoning
Potions
 a - 2 potions of invisibility
 c - a potion of curing
 d - a potion of heal wounds
 e - a potion of haste
 f - 4 potions of magic
 g - 3 potions of berserk rage


   Skills:
 - Level 1.5 Dodging
 - Level 2.1 Stealth
 - Level 2.0 Spellcasting
 - Level 0.7 Transmutations
 + Level 5.3 Earth Magic


You had 3 spell levels left.
You knew the following spells:

 Your Spells              Type           Power      Damage    Failure   Level
a - Sandblast             Erth           34%        2d9       2%          1

Your spell library contained the following spells:

 Spells                   Type           Power      Damage    Failure   Level
 Passwall                 Tmut/Erth      8%         N/A       10%         2
 Stone Arrow              Conj/Erth      18%        3d8       22%         3
 Petrify                  Tmut/Erth      10%        N/A       54%         4


Dungeon Overview and Level Annotations

Branches:
Dungeon (1/1)

Altars:
Ashenzari
Cheibriados
Dithmenos
Elyvilon
Fedhas
Gozag
Hepliaklqana
Kikubaaqudgha
Makhleb
Nemelex Xobeh
Okawaru
Qazlal
Ru
Sif Muna
Trog
Uskayaw
Vehumet
Wu Jian
Xom
Yredelemnul
Zin
The Shining One
Beogh
Jiyva
Lugonu


Innate Abilities, Weirdness & Mutations

You are immune to sickness and miasma.
Your stone body is resilient. (AC +2)
You are immune to poison.
You resist negative energy. (rN+)
You are resistant to electric shocks. (rElec)
You are resistant to unholy torment.
You are immune to petrification.


Message History

Sif Muna accepts your kill.
Your Earth Magic skill increases to level 5!
Casting: Sandblast (safe; 2% risk of failure)
Confirm with . or Enter, or press ? or * to list all spells.
Aiming: Sandblast (safe; 2% risk of failure)
Press: ? - help, Shift-Dir - straight line, f - giant cockroach
Aim: a giant cockroach (79% to hit)
The blast of sand hits the giant cockroach.
The giant cockroach is moderately wounded.
You hit the giant cockroach.
The giant cockroach is heavily wounded.
The giant cockroach bites you but does no damage.
The giant cockroach completely misses you.
You sock the giant cockroach!
You kill the giant cockroach!
Sif Muna accepts your kill.
There is an open door here.
You see here a giant cockroach corpse.
You see here a +0 club.
You start resting.
Magic restored.
You open the door.
An adder and a scorpion come into view.
The scorpion stings you.
You hit the scorpion.
The scorpion is moderately wounded.
The adder hisses angrily.
The scorpion misses you.
A floating eye comes into view.
Casting: Sandblast (safe; 2% risk of failure)
Confirm with . or Enter, or press ? or * to list all spells.
Aiming: Sandblast (safe; 2% risk of failure)
Press: ? - help, Shift-Dir - straight line, f - scorpion
Aim: a scorpion (moderately wounded, 79% to hit)
The blast of sand hits the scorpion.
The scorpion is moderately wounded.
The floating eye turns its gaze towards you.
The scorpion stings you!
Ouch! That really hurt!
You die...

_________.#
_______...###########+
##########'##..........
#.?..')))'.##......#..#
##########.##..........
#...........'..........
#+#####†#####......#..#
#..#.)# #..........
#.Ss@.# ####'#####+
#..#### #.......# #G
#.......# # #.......#
#...<...# #.......#
#.......# #.......#
#########


You could see a scorpion, a floating eye and an adder.

Vanquished Creatures
  An endoplasm (D)
  A giant cockroach (D)
  A goblin (D)
3 creatures vanquished.

Notes
Turn   | Place    | Note
-------+----------+-------------------------------------------
     0 | D        | rocky1 the Gargoyle Earth Elementalist began the quest for
                  | the Orb.
     0 | D        | Reached XP level 1. HP: 10/10 MP: 3/3
    16 | D        | Reached skill level 4 in Earth Magic
    20 | D        | Found a bloodstained altar of Trog.
    20 | D        | Found a shimmering blue altar of Sif Muna.
    20 | D        | Found a viscous altar of Jiyva.
    20 | D        | Found a hazy altar of Hepliaklqana.
    20 | D        | Found an opulent altar of Gozag.
    21 | D        | Found a glowing golden altar of the Shining One.
    21 | D        | Found a glowing silver altar of Zin.
    21 | D        | Found a basalt altar of Yredelemnul.
    21 | D        | Found a shimmering altar of Xom.
    21 | D        | Found an ornate altar of the Wu Jian Council.
    21 | D        | Found a sacrificial altar of Ru.
    21 | D        | Found a stormy altar of Qazlal.
    21 | D        | Found an iron altar of Okawaru.
    21 | D        | Found a sparkling altar of Nemelex Xobeh.
    21 | D        | Found a burning altar of Makhleb.
    21 | D        | Found a blossoming altar of Fedhas.
    21 | D        | Found a white marble altar of Elyvilon.
    21 | D        | Found a shadowy altar of Dithmenos.
    21 | D        | Found a snail-covered altar of Cheibriados.
    23 | D        | Found a radiant altar of Vehumet.
    23 | D        | Found a corrupted altar of Lugonu.
    25 | D        | Found an ancient bone altar of Kikubaaqudgha.
    25 | D        | Found a hide-covered altar of Uskayaw.
    25 | D        | Found a broken altar of Ashenzari.
    26 | D        | Became a worshipper of Sif Muna the Loreminder
    66 | D        | Reached skill level 5 in Earth Magic
    90 | D        | Noticed a scorpion
    91 | D        | Noticed a floating eye
    92 | D        | Slain by a scorpion

Illustrated notes

Levels and vault maps discovered:
D:        pitsprint [storerooms_1, entrance_room_1, metal_vault_2, armoury_2,
          mini_pit_1, grid_room_1, main_hall_1, silver_pit, the_coven_3,
          the_vestibule_1, steel_vault_2, golden_pit, hallway_of_sentries,
          crystal_vault_2, iron_vault_1, final_vault]

Skill      XL: |  1 |
---------------+----+-----
Earth Magic    | 5 |  5.3
Dodging        | |  1.5
Stealth        | |  2.1
Spellcasting   | |  2.0
Transmutations | |  0.7

Action                   || total
-------------------------++-------
Melee: Quarterstaff      ||     3
       Unarmed           ||     2
 Cast: Sandblast         ||     4
Armor: Robe              ||     2
Dodge: Dodged            ||     3

Table legend: (Time is in decaauts)
 A = Elapsed time spent in this place.
 B = Non-inter-level travel time spent in this place.
 C = Inter-level travel time spent in this place.
 D = Time resting spent in this place.
 E = Time spent auto-exploring this place.
 F = Levels seen in this place.
 G = Mean time per level.
                   A        B        C        D        E       F      G
               +--------+--------+--------+--------+--------+-----+--------+
         Total |     92 |     92 |      0 |     17 |      0 |   1 |   92.0 |
       Dungeon |     92 |     92 |      0 |     17 |      0 |   1 |   92.0 |
               +--------+--------+--------+--------+--------+-----+--------+

Top non-repeatable levels by time:
       D: 92 daAuts
